 Dungeon Crawl Stone Soup version 0.21.1-1-g345015f (webtiles) character file.

91 empire the Slasher (level 4, 0/40 HPs)
             Began as a Minotaur Fighter on June 4, 2018.
             Slain by a two-headed ogre
             ... wielding a +0 giant club
              (5 damage)
             ... on level 3 of the Dungeon.
             The game lasted 00:04:18 (1654 turns).

empire the Slasher (Minotaur Fighter)               Turns: 1654, Time: 00:04:18

Health: 0/40       AC:  6    Str: 22    XL:     4   Next: 34%
Magic:  3/3        EV:  7    Int:  5    God:
Gold:   102        SH:  9    Dex:  9    Spells: 3/3 levels left

rFire    . . .     SeeInvis .   a - +0 long sword
rCold    . . .     Gourm    .   c - +0 shield
rNeg     + + .     Faith    .   b - +0 scale mail
rPois    .         Spirit   .   (helmet restricted)
rElec    .         Reflect  .   (no cloak)
rCorr    .         Harm     .   (no gloves)
MR       .....                  (no boots)
Stlth    ..........             t - amulet of rage
HPRegen  0.13/turn              n - ring of positive energy
MPRegen  0.08/turn              h - ring of positive energy

@: heavily drained
A: retaliatory headbutt, horns 2
a: Evoke Berserk Rage


You were on level 3 of the Dungeon.
You were hungry.

You visited 1 branch of the dungeon, and saw 3 of its levels.

You collected 102 gold pieces.

Inventory:

Hand Weapons
 a - a +0 long sword (weapon)
 u - a +2 dagger of draining
Armour
 b - a +0 scale mail (worn)
 c - a +0 shield (worn)
Jewellery
 h - a ring of positive energy (right hand)
 j - an uncursed amulet of harm
 l - an uncursed ring of fire
 n - a ring of positive energy (left hand)
 t - an amulet of rage (around neck)
Scrolls
 i - 2 scrolls of identify
 q - a scroll of noise {unknown}
 s - a scroll of fog {unknown}
 v - a scroll of enchant armour {unknown}
 w - a scroll of teleportation {unknown}
Potions
 d - a potion of might
 e - a potion of heal wounds {unknown}
 g - a potion of curing {unknown}
 k - a potion of cancellation {unknown}
 m - a potion of agility {unknown}
 o - a potion of degeneration {unknown}
 r - a potion of lignification {unknown}
Comestibles
 f - 4 rations
 p - 2 chunks of flesh


   Skills:
 - Level 4.0(2.8) Fighting
 + Level 4.8(3.6) Long Blades
 - Level 4.0(2.7) Armour
 - Level 4.0(2.7) Shields


You had 3 spell levels left.
You didn't know any spells.

Dungeon Overview and Level Annotations

Branches:
Dungeon (3/15)

Altars:


Innate Abilities, Weirdness & Mutations

You reflexively headbutt those who attack you in melee.
You have a pair of horns on your head.


Message History

The two-headed ogre hits you but does no damage.
The two-headed ogre barely misses you.
The frilled lizard bites you but does no damage.
You slash the two-headed ogre!
The two-headed ogre is moderately wounded.
The two-headed ogre hits you with a giant club!
The two-headed ogre closely misses you. The frilled lizard bites you.
Unknown command.
You barely miss the two-headed ogre. You headbutt the two-headed ogre.
The two-headed ogre is moderately wounded.
The frilled lizard bites you. The two-headed ogre closely misses you.
You furiously retaliate!
You headbutt the two-headed ogre!
The two-headed ogre hits you with a giant club!!
Ouch! That really hurt!
* * * LOW HITPOINT WARNING * * *
You hit the two-headed ogre. You headbutt the two-headed ogre!
The two-headed ogre is severely wounded.
You block the frilled lizard's attack. You block the two-headed ogre's attack.
The two-headed ogre hits you with a giant club.
You die...

..[........# #..
...........# ##.#
....[......# .##
...........#####..#
........##.........
######.............
#..##.........
#..###........
###....@........
......lO........
................
..........).....
................
................
................
................
...............


You could see a two-headed ogre and a frilled lizard.

Vanquished Creatures
  2 adders
  3 oozes
  A dart slug (D:2)
  2 leopard geckos (D:1)
  6 giant cockroaches
  8 hobgoblins
  A quokka (D:2)
  2 ball pythons (D:1)
  5 bats
  4 frilled lizards
  4 goblins
  9 kobolds
  8 rats (D:1)
55 creatures vanquished.

Notes
Turn   | Place    | Note
-------+----------+-------------------------------------------
     0 | D:1      | empire the Minotaur Fighter began the quest for the Orb.
     0 | D:1      | Reached XP level 1. HP: 19/19 MP: 0/0
   160 | D:1      | Reached XP level 2. HP: 20/27 MP: 1/1
   416 | D:1      | Reached XP level 3. HP: 33/33 MP: 2/2
  1336 | D:2      | Reached XP level 4. HP: 40/40 MP: 3/3
  1645 | D:3      | Noticed a two-headed ogre
  1654 | D:3      | Slain by a two-headed ogre

Skill      XL: |  1  2  3 |
---------------+----------+-----
Armour         | 4 |  4.0
Shields        | 4 |  4.0
Fighting       | 4 |  4.0
Long Blades    | 3 4 |  4.8

Action                   |  1- 3 |  4- 6 || total
-------------------------+-------+-------++-------
Melee: Long sword        |    92 |    23 ||   115
       Headbutt          |    10 |     6 ||    16
  Use: Scroll            |     2 |       ||     2
  Eat: Chunk             |     1 |     1 ||     2
Armor: Scale mail        |    47 |    12 ||    59
Dodge: Dodged            |    33 |     9 ||    42
Block: Shield            |    45 |     7 ||    52
       Rpst.: Long sword |    11 |     2 ||    13
